 Dungeon Crawl Stone Soup version 0.19.0-2-gae57169 (webtiles) character file.

1111 Patate the Fighter (level 8, -3/54 HPs)
             Began as a Gargoyle Fighter on Nov 5, 2016.
             Was an Initiate of Trog.
             Killed by divine providence
             ... invoked by an orc priest
              (14 damage)
             ... on level 6 of the Dungeon on Nov 6, 2016.
             The game lasted 00:14:15 (5733 turns).

Patate the Fighter (Gargoyle Fighter)               Turns: 5733, Time: 00:14:15

Health: -3/54      AC: 14    Str: 21    XL:     8   Next: 33%
Magic:  8/8        EV:  8    Int: 10    God:    Trog [......]
Gold:   327        SH:  9    Dex:  9    Spells: 0 memorised, 7 levels left

rFire  + . .     SeeInvis .     a - +1 flail
rCold  . . .     Gourm    .     w - +2 ring mail {rF+}
rNeg   + . .     Faith    .     c - +0 shield
rPois  ∞         Spirit   .     (no helmet)
rElec  +         Reflect  .     j - +0 cloak
rCorr  .         Harm     .     (no gloves)
MR     .....                    (no boots)
Stlth  ..........               (no amulet)
                                (no ring)
                                (no ring)

@: no status effects
A: negative energy resistance 1, electricity resistance, unbreathing,
petrification resistance, rot immunity, AC +5
a: Burn Spellbooks, Renounce Religion


You were on level 6 of the Dungeon.
You worshipped Trog.
Trog was noncommittal.
You were not hungry.

You visited 2 branches of the dungeon, and saw 7 of its levels.

You collected 327 gold pieces.

Inventory:

Hand Weapons
 a - a +1 flail (weapon)
Armour
 c - a +0 shield (worn)
 j - a +0 cloak (worn)
 w - a +2 ring mail of fire resistance (worn)
Jewellery
 y - an uncursed ring of protection from magic {unknown}
Scrolls
 b - a scroll of recharging
 e - a scroll of noise {unknown}
 i - a scroll of enchant weapon
 k - a scroll of fear {unknown}
 l - a scroll of teleportation
 q - a scroll of enchant armour
 x - a scroll of remove curse
 z - a scroll of identify
 D - a scroll of blinking {unknown}
Potions
 d - 2 potions of might
 g - a potion of curing
 h - 2 potions of magic
 m - a potion of resistance {unknown}
 p - a potion of brilliance
 r - a potion of ambrosia
 s - 2 potions of flight {unknown}
 u - a potion of heal wounds
 v - 2 potions of berserk rage
 A - a potion of mutation {unknown}
 B - a potion of degeneration {unknown}
 E - a potion of agility {unknown}
Comestibles
 f - 4 bread rations
 n - a beef jerky
 o - 2 meat rations
 t - a royal jelly
 C - 4 chunks of flesh


   Skills:
 * Level 8.2 Fighting
 + Level 4.9 Maces & Flails
 + Level 6.3 Armour
 - Level 3.2 Shields


You had 7 spell levels left.
You didn't know any spells.

Dungeon Overview and Level Annotations

Branches:
Dungeon (6/15)             Temple (1/1) D:5

Altars:
Ashenzari
Cheibriados
Dithmenos
Elyvilon
Fedhas
Gozag
Hepliaklqana
Kikubaaqudgha
Makhleb
Nemelex Xobeh
Qazlal
Ru
Sif Muna
Trog
Uskayaw
Vehumet
Yredelemnul
Zin
The Shining One


Innate Abilities, Weirdness & Mutations

You are resistant to torment.
Your stone body is resilient. (AC +5)
You are immune to poison.
You resist negative energy. (rN+)
You are resistant to electric shocks. (rElec)
You can survive without breathing.
You are immune to petrification.
You are immune to rotting.


Message History

The orc priest mumbles some strange prayers to Beogh against you.
Beogh smites you!
* * * LOW HITPOINT WARNING * * *
You feel better.
The orc priest looks satisfied for a moment.
You closely miss the orc priest.
The orc priest is almost dead.
You block the orc priest's attack. Something hits you but does no damage.
You sock the orc priest!
You kill the orc priest!
Trog accepts your kill. Something hits you but does no damage.
Something hits you.
* * * LOW HITPOINT WARNING * * *
Items here: )) [[ an enchanted scimitar; a robe; an enchanted scimitar; a robe
Things that are here:
an enchanted hand axe; a robe The orc priest mumbles some strange prayers to Beogh against you.
Beogh smites you!
You die...

###.# ..#.# #.#.# ..#. #.#.#
.§#.######.#.# ##########
h.......##...# #.......<#
......##..## ##(>......#
l..#..#).####.........# .
#.#..##)##)@.(.....>.#
....#.......ho.##...<....#
........#..o#####........#
...#...#....# ##########
#......#.##.#####
#..(............#
#...........o...# ##########
..#.......#.....###...##...##
.
.....>.........#..........##


You could see a black bear, an orc priest and an orc.

Vanquished Creatures
  2 phantoms (D:4)
  A scorpion (D:5)
  5 wights (D:6)
  A crimson imp (D:6)
  Crazy Yiuf (D:2)
  A jelly (D:6)
  An orc priest (D:6)
  3 hounds
  3 iguanas (D:5)
  2 worker ants (D:5)
  2 orc wizards
  7 gnolls
  7 adders
  A shadow imp (D:5)
  3 oozes
  An adder skeleton (D:5)
  5 worms
  6 dart slugs
  5 leopard geckos
  8 orcs
  3 ball pythons
  7 bats
  6 giant cockroaches
  10 goblins
  5 hobgoblins
  5 jackals
  6 kobolds
  2 quokkas
  6 frilled lizards
  A leopard gecko skeleton (D:5)
  A quokka skeleton (D:5)
  4 rats
121 creatures vanquished.

Notes
Turn   | Place    | Note
-------+----------+-------------------------------------------
     0 | D:1      | Patate the Gargoyle Fighter began the quest for the Orb.
     0 | D:1      | Reached XP level 1. HP: 14/14 MP: 1/1
    82 | D:1      | Reached XP level 2. HP: 19/19 MP: 2/2
   441 | D:1      | Reached XP level 3. HP: 13/24 MP: 3/3
   604 | D:1      | Reached skill level 4 in Fighting
  1085 | D:2      | Reached XP level 4. HP: 29/30 MP: 4/4
  1397 | D:2      | Found a runed door.
  1491 | D:2      | Found a sacrificial altar of Ru.
  1528 | D:2      | Reached skill level 5 in Fighting
  1528 | D:2      | Reached XP level 5. HP: 35/35 MP: 5/5
  1856 | D:2      | Noticed Crazy Yiuf
  1863 | D:2      | Killed Crazy Yiuf
  2427 | D:3      | Found a snail-covered altar of Cheibriados.
  2584 | D:3      | Reached XP level 6. HP: 40/40 MP: 6/6
  2858 | D:4      | Noticed a phantom
  2901 | D:4      | Killed a phantom
  2901 | D:4      | Reached skill level 6 in Fighting
  3018 | D:4      | Noticed a phantom
  3073 | D:4      | Killed a phantom
  3073 | D:4      | Reached skill level 5 in Armour
  3269 | D:4      | Reached XP level 7. HP: 47/47 MP: 7/7
  3735 | D:5      | Entered Level 5 of the Dungeon
  4475 | D:5      | Reached skill level 7 in Fighting
  4814 | D:5      | Found a staircase to the Ecumenical Temple.
  4974 | Temple   | Entered the Ecumenical Temple
  5045 | Temple   | Became a worshipper of Trog the Wrathful
  5265 | D:6      | Reached XP level 8. HP: 34/53 MP: 8/8
  5432 | D:6      | Reached skill level 8 in Fighting
  5733 | D:6      | Killed from afar by an orc priest

Skill      XL: |  1  2  3  4  5  6  7  8 |
---------------+-------------------------+-----
Fighting       | 4 5 6 7 8 |  8.2
Armour         | 4 5 6 |  6.3
Maces & Flails | 3 4 |  4.9
Shields        | |  3.2

Action                   |  1- 3 |  4- 6 |  7- 9 || total
-------------------------+-------+-------+-------++-------
Melee: Flail             |   111 |   196 |   201 ||   508
  Use: Scroll            |       |    14 |       ||    14
       Potion            |       |     2 |     3 ||     5
 Stab: Invisible         |       |     1 |       ||     1
       Paralysed         |       |     1 |       ||     1
  Eat: Chunk             |     1 |     6 |     9 ||    16
Armor: Scale mail        |    76 |    81 |       ||   157
       Ring mail         |       |    22 |    94 ||   116
Dodge: Dodged            |    63 |    60 |    60 ||   183
Block: Shield            |    87 |    77 |    94 ||   258
